 Dungeon Crawl Stone Soup version 0.29.0-3-gbb0933ed62 (webtiles) character file.

Game seed: 7224040560574521525

4 sking99 the Stinger (level 1, 0/14 HPs)
             Began as a Hill Orc Venom Mage on Aug 25, 2022.
             Slain by a jackal (2 damage)
             ... on level 1 of the Dungeon.
             The game lasted 00:00:27 (131 turns).

sking99 the Stinger (Hill Orc Venom Mage)            Turns: 131, Time: 00:00:28

Health: 0/14       AC:  2    Str: 10    XL:     1   Next: 70%
Magic:  1/3        EV: 12    Int: 15    God:
Gold:   0          SH:  0    Dex: 11    Spells: 2/3 levels left

rFire   . . .      SeeInvis .   (no weapon)
rCold   . . .      Faith    .   (no shield)
rNeg    . . .      Spirit   .   a - +0 robe
rPois   .          Reflect  .   (no helmet)
rElec   .          Harm     .   (no cloak)
rCorr   .          Rampage  .   (no gloves)
Will    .....                   (no boots)
Stlth   ++........              (no amulet)
HPRegen 0.04/turn               (no ring)
MPRegen 0.08/turn               (no ring)

@: no status effects
A: no striking features
a: no special abilities


You were on level 1 of the Dungeon.
You visited 1 branch of the dungeon, and saw 1 of its levels.

Inventory:

Armour
 a - a +0 robe (worn)
Potions
 b - a potion of magic


   Skills:
 - Level 1.5 Dodging
 - Level 1.5 Stealth
 + Level 1.6 Spellcasting
 * Level 0.9 Transmutations
 * Level 2.8 Poison Magic


You had 2 spell levels left.
You knew the following spells:

 Your Spells              Type           Power      Damage    Failure   Level
a - Sting                 Tmut/Pois      24%        1d4       11%         1

Your spell library contained the following spells:

 Spells                   Type           Power      Damage    Failure   Level
 Poisonous Vapours        Pois/Air       10%        N/A       21%         2
 Mephitic Cloud           Conj/Pois/Air  4%         N/A       43%         3
 Olgreb's Toxic Radiance  Pois           9%         N/A       56%         4


Dungeon Overview and Level Annotations

Branches:
Dungeon (1/15)

Altars:

Annotations:
D:1 1 transporter


Message History

You are very lightly contaminated with residual magic.
Nothing appears to happen.
You kill the jackal!
Casting: Sting (safe; 11% risk of failure)
Confirm with . or Enter, or press ? or * to list all spells.
You don't have enough magic to cast this spell.
Unknown command.
The jackal barely misses you.
The jackal bites you but does no damage.
The jackal closely misses you.
Casting: Sting (safe; 11% risk of failure)
Confirm with . or Enter, or press ? or * to list all spells.
Aiming: Sting (safe; 11% risk of failure)
Press: ? - help, Shift-Dir - straight line, f/p - jackal
Aim: a jackal (60% to hit)
The sting misses the jackal.
The jackal barely misses you. The jackal misses you.
The jackal attacks as you move away! The jackal misses you.
The jackal attacks as you move away! The jackal bites you.
The jackal bites you but does no damage.
The jackal attacks as you move away! The jackal bites you.
Your magical contamination has completely faded away.
The jackal attacks as you move away! The jackal closely misses you.
The jackal bites you.
You closely miss the jackal. The jackal bites you.
* * * LOW HITPOINT WARNING * * *
You barely miss the jackal. The jackal closely misses you.
The jackal completely misses you.
You barely miss the jackal. The jackal closely misses you.
You barely miss the jackal. The jackal bites you.
* * * LOW HITPOINT WARNING * * *
You completely miss the jackal. The jackal barely misses you.
The jackal bites you but does no damage.
You closely miss the jackal.
The jackal bites you but does no damage.
You barely miss the jackal. The jackal closely misses you. x2
You hit the jackal.
The jackal is lightly wounded.
The jackal bites you.
You die...

#.##...............
###+#####.#########..
..........# #.#
..........#########'#
..........##.........
#########.##.........
#.......##.........
#.####.....#'#'##+#
#.@hh.#....##.#.#..
#####.#....###<#...
#.#....##©#.##.
#.##########.#. #.#
##### ##. +.. ..##©..
#. #.. ?.. #... #.
##.... #. #. .. #. ..


You could see 2 jackals.

Vanquished Creatures
  A hobgoblin (D:1)
  A jackal (D:1)
  A quokka (D:1)
  A frilled lizard (D:1)
4 creatures vanquished.

Notes
Turn   | Place    | Note
-------+----------+-------------------------------------------
     0 | D:1      | sking99 the Hill Orc Venom Mage began the quest for the
                  | Orb.
     0 | D:1      | Reached XP level 1. HP: 14/14 MP: 3/3
   131 | D:1      | Slain by a jackal

Illustrated notes

Levels and vault maps discovered:
D:1:      spicycebolla_arrival_risky_transporter, layout_basic

Action                   || total
-------------------------++-------
Melee: Unarmed           ||     8
 Cast: Sting             ||     8
Armor: Robe              ||     8
Dodge: Dodged            ||    23
